 Dungeon Sprint DCSS version 0.20-a0-472-g5c05303 (webtiles) character file.

441 Hipnos the Basher (level 6, -2/66 HPs)
             Began as a Minotaur Monk on Jan 14, 2017.
             Was a Believer of Qazlal.
             Slain by a centaur warrior (6 damage)
             ... in the Dungeon (Sprint I: "Red Sonja").
             The game lasted 00:02:12 (800 turns).

Hipnos the Basher (Minotaur Monk)                    Turns: 800, Time: 00:02:12

Health: -2/66      AC:  5    Str: 17    XL:     6   Next: 70%
Magic:  5/5        EV: 16    Int:  7    God:    Qazlal [**....]
Gold:   162        SH:  2    Dex: 13    Spells: 5/5 levels left

rFire  . . .     SeeInvis .     a - +0 mace
rCold  . . .     Gourm    .     j - +0 ring mail
rNeg   . . .     Faith    .     (no shield)
rPois  .         Spirit   .     (helmet restricted)
rElec  .         Reflect  .     (no cloak)
rCorr  .         Harm     .     (no gloves)
MR     .....     NoTele   +     (no boots)
Stlth  ++........               (no amulet)
                                (no ring)
                                (no ring)

@: no status effects
A: retaliatory headbutt, horns 2
a: Upheaval, Renounce Religion


You were in the Dungeon.
You worshipped Qazlal.
Qazlal was pleased with you.
You were not hungry.

You visited 1 branch You collected 162 gold pieces.

Inventory:

Hand Weapons
 a - a +0 mace (weapon)
Armour
 b - a +0 robe
 j - a +0 ring mail (worn)
Scrolls
 i - a scroll of blinking
Potions
 f - a potion of haste
 g - 2 potions of magic
 h - a potion of berserk rage
Comestibles
 c - a bread ration
 k - 6 chunks of flesh
 l - a meat ration


   Skills:
 + Level 10.1 Fighting
 + Level 10.1 Maces & Flails
 + Level 2.6 Armour
 + Level 9.5 Dodging
 + Level 3.5 Stealth


You had 5 spell levels left.
You didn't know any spells.

Dungeon Overview and Level Annotations

Branches:
Dungeon (1/1)

Altars:
Cheibriados
Dithmenos
Elyvilon
Fedhas
Gozag
Hepliaklqana
Kikubaaqudgha
Nemelex Xobeh
Okawaru
Qazlal
Ru
Sif Muna
Trog
Uskayaw
Vehumet
Yredelemnul
Zin
The Shining One

Shops:
D (


Innate Abilities, Weirdness & Mutations

You reflexively headbutt those who attack you in melee.
You have a pair of horns on your head.


Message History

The centaur warrior hits you!
* * * LOW HITPOINT WARNING * * *
You hit the centaur warrior but do no damage.
You headbutt the centaur warrior, but do no damage.
The centaur warrior is severely wounded.
The centaur warrior drinks a potion.
The centaur warrior is healed!
You hit the centaur warrior. You headbutt the centaur warrior.
The centaur warrior is severely wounded.
The centaur warrior hits you.
* * * LOW HITPOINT WARNING * * *
You closely miss the centaur warrior.
The centaur warrior is severely wounded.
The centaur warrior completely misses you.
The centaur warrior drinks a potion.
The centaur warrior is healed!
A hornet comes into view.
You barely miss the centaur warrior.
The centaur warrior is heavily wounded.
The hornet buzzes angrily.
The centaur warrior hits you.
You die...

################
#<.#..').#.)'..#
#..'..#..'..#..+
#..#####'#####'#
#..## #..# #.# ##
#..#__#### ##)#y≈§
#..#_____##+#..P§§§
#⌠⌠#_.∩...@.P.§#
####_..__##c.#+#
#_____###'# #######
.# . .# #


You could see a centaur warrior, a hornet and an active ballistomycete.

Vanquished Creatures
  Sigmund (D)
  A yak (D)
  An ogre (D)
  A jelly (D)
  Ijyb (D)
5 creatures vanquished.

Vanquished Creatures (others)
  3 ballistomycetes (D)
  2 ballistomycete spores (D)
5 creatures vanquished.

Grand Total: 10 creatures vanquished

Notes
Turn   | Place    | Note
-------+----------+-------------------------------------------
     0 | D        | Hipnos the Minotaur Monk began the quest for the Orb.
     0 | D        | Reached XP level 1. HP: 19/19 MP: 0/0
     1 | D        | Noticed Ijyb
    19 | D        | Killed Ijyb
    19 | D        | Reached skill level 5 in Fighting
    19 | D        | Reached skill level 5 in Dodging
    19 | D        | Reached XP level 2. HP: 6/29 MP: 1/1
   369 | D        | Noticed an ogre
   374 | D        | Killed an ogre
   374 | D        | Reached XP level 3. HP: 27/39 MP: 2/2
   374 | D        | Reached XP level 4. HP: 33/47 MP: 3/3
   478 | D        | Noticed Sigmund
   484 | D        | Killed Sigmund
   484 | D        | Reached skill level 1 in Armour
   484 | D        | Reached XP level 5. HP: 47/57 MP: 4/4
   547 | D        | Found a deep blue altar of Sif Muna.
   549 | D        | Found a radiant altar of Vehumet.
   553 | D        | Reached XP level 6. HP: 59/63 MP: 5/5
   563 | D        | Found Muyff's Antique Weapon Emporium.
   563 | D        | Found an ancient bone altar of Kikubaaqudgha.
   563 | D        | Found a hazy altar of Hepliaklqana.
   563 | D        | Found a stormy altar of Qazlal.
   563 | D        | Found a hide-covered altar of Uskayaw.
   563 | D        | Found a blossoming altar of Fedhas.
   563 | D        | Found a bloodstained altar of Trog.
   563 | D        | Found an iron altar of Okawaru.
   563 | D        | Found a basalt altar of Yredelemnul.
   563 | D        | Found a glowing golden altar of the Shining One.
   563 | D        | Found a snail-covered altar of Cheibriados.
   563 | D        | Found a sacrificial altar of Ru.
   563 | D        | Found a glowing silver altar of Zin.
   563 | D        | Found a shadowy altar of Dithmenos.
   563 | D        | Found a white marble altar of Elyvilon.
   563 | D        | Noticed a yak
   583 | D        | Killed a yak
   583 | D        | Reached skill level 10 in Fighting
   583 | D        | Reached skill level 10 in Maces & Flails
   587 | D        | Found an opulent altar of Gozag.
   588 | D        | Found a sparkling altar of Nemelex Xobeh.
   591 | D        | Became a worshipper of Qazlal Stormbringer
   591 | D        | Reached * piety under Qazlal
   591 | D        | Reached ** piety under Qazlal
   656 | D        | Noticed a centaur warrior
   790 | D        | Noticed a centaur warrior
   798 | D        | HP: 3/66 [centaur warrior (5)]
   800 | D        | Noticed a hornet
   800 | D        | Slain by a centaur warrior

Vault maps used:
D:        dungeon_sprint_1

Skill      XL: |  1  2  3  4  5  6 |
---------------+-------------------+-----
Fighting       | 5 7 9 10 | 10.1
Maces & Flails | 4 6 8 9 10 | 10.1
Dodging        | 5 6 8 9 |  9.5
Stealth        | 2 3 |  3.5
Armour         | 1 2 |  2.6

Action                   |  1- 3 |  4- 6 || total
-------------------------+-------+-------++-------
Melee: Mace              |    20 |    33 ||    53
       Headbutt          |     3 |     9 ||    12
  Use: Potion            |       |     2 ||     2
Armor: Robe              |     2 |       ||     2
       Ring mail         |       |     2 ||     2
Dodge: Dodged            |    11 |    14 ||    25
Block: Other             |       |     1 ||     1
